 Dungeon Crawl Stone Soup version 0.31-a0-189-ga26ba32dd1 (webtiles) character file.

Game seed: 16080940983510111136

58 qw the Shooter (level 3, 0/20 HPs)
             Began as a Deep Elf Hunter on June 23, 2023.
             Slain by an endoplasm (1 damage)
             ... on level 2 of the Dungeon.
             The game lasted 00:00:25 (1084 turns).

qw the Shooter (Deep Elf Hunter)                    Turns: 1084, Time: 00:00:25

Health: 0/20       AC:  7    Str: 10    XL:     3   Next: 75%
Magic:  5/5        EV: 11    Int: 13    God:
Gold:   85         SH:  0    Dex: 18    Spells: 2/2 levels left

rFire   . . .        Y - +0 shortbow
rCold   . . .        (shield currently unavailable)
rNeg    . . .        f - +0 ring mail
rPois   .            g - +0 helmet
rElec   .            (no cloak)
rCorr   .            (no gloves)
SInv    .            e - +0 pair of boots
Will    .....        (no amulet)
Stlth   +            (no ring)
HPRegen 0.23/turn    (no ring)
MPRegen 0.09/turn

%: no passive effects
@: lethally poisoned (0 -> -2)
A: no striking features
a: no special abilities


You were on level 2 of the Dungeon.
You visited 1 branch of the dungeon, and saw 2 of its levels.

You collected 85 gold pieces.


   Skills:
 - Level 1.5 Fighting
 + Level 7.2 Ranged Weapons
 - Level 2.4 Dodging
 - Level 1.2 Stealth


You had 2 spell levels left.
You didn't know any spells.
Your spell library was empty.

Inventory:

Hand Weapons
 Y - a +0 shortbow (weapon)
Armour
 e - a +0 pair of boots (worn)
 f - a +0 ring mail (worn)
 g - a +0 helmet (worn)
Scrolls
 a - a scroll of enchant weapon {unknown}
 c - a scroll of teleportation
Potions
 b - 2 potions of invisibility {unknown}

Dungeon Overview and Level Annotations

Branches:
Dungeon (2/15)

Altars:


Message History

The arrow barely misses the adder. x2
The arrow closely misses the ball python.
You feel sick. The adder misses you.
You shoot an arrow. The arrow closely misses the adder.
The arrow hits the adder but does no damage.
You feel sick.
The adder bites you but does no damage. x2
An endoplasm comes into view.
You shoot an arrow. The endoplasm quivers.
The arrow hits the adder.
The adder is severely wounded.
You feel sick. The adder bites you but does no damage.
You shoot an arrow. The arrow completely misses the adder.
The arrow closely misses the adder.
The arrow hits the adder but does no damage.
You feel sick. The adder bites you but does no damage.
The endoplasm jiggles.
The adder closely misses you.
You shoot an arrow.
The arrow hits the adder but does no damage.
The adder is severely wounded.
You feel sick. The adder bites you.
You are more poisoned.
The adder poisons you!
You shoot an arrow. The arrow hits the adder!
You kill the adder!
You feel sick. The adder bites you.
You shoot an arrow. The arrow hits the adder!
The adder is severely wounded.
You feel sick. The endoplasm closely misses you. The adder barely misses you.
You shoot an arrow. The arrow misses the adder.
The arrow hits the adder.
The adder is heavily wounded.
You feel sick. The adder misses you. The endoplasm completely misses you.
The adder bites you but does no damage.
You shoot an arrow. The arrow hits the adder.
You kill the adder!
You feel sick. The endoplasm freezes you.
You are frozen.
The adder barely misses you. The endoplasm hits you.
You die...

## ####.#
#.######.#.# #.#
#....# #........#.#
#.# #.####
#..#######.#
#.#######..#.......#
#....#.....#.#######
####.##.#.#....<#
#.#....#.#.###
#......J...#
#######@#### #S# #S#
#.# #.# #.. #).
####### #..
#.....#########


You could see an adder, an endoplasm and a ball python.

Vanquished Creatures
  2 adders (D:2)
  5 ball pythons
  6 endoplasms
  5 goblins
  8 hobgoblins
  5 jackals (D:1)
  2 quokkas (D:1)
  A bat (D:2)
  2 frilled lizards
  4 kobolds
  4 rats
44 creatures vanquished.

Notes
Turn   | Place    | Note
-------+----------+-------------------------------------------
     0 | D:1      | qw the Deep Elf Hunter began the quest for the Orb.
     0 | D:1      | Reached XP level 1. HP: 12/12 MP: 3/3
     0 | D:1      | 0 ||| qw: Version: 0.3-a-9-g12657ce
     0 | D:1      | 0 ||| qw: Game counter: 4443
     0 | D:1      | 0 ||| qw: Always use a shield: true
     0 | D:1      | 0 ||| qw: God list: Okawaru
     0 | D:1      | 0 ||| qw: Allow faded altars: false
     0 | D:1      | 0 ||| qw: Do Orc after D:15 true
     0 | D:1      | 0 ||| qw: Do second Lair branch before Depths: true
     0 | D:1      | 0 ||| qw: Lair rune preference: random
     0 | D:1      | 0 ||| qw: Plans: Normal
     0 | D:1      | 0 ||| PLANNING D:1-11
   125 | D:1      | Reached XP level 2. HP: 16/16 MP: 4/4
   127 | D:1      | Reached skill level 6 in Ranged Weapons
   353 | D:1      | Reached XP level 3. HP: 20/20 MP: 5/5
   786 | D:1      | 786 ||| UPGRADING to +0 pair of boots.
   791 | D:1      | 791 ||| UPGRADING to +0 ring mail.
   801 | D:1      | 801 ||| DROPPING +0 leather armour.
   802 | D:1      | 802 ||| UPGRADING to +0 helmet.
   807 | D:1      | 807 ||| READING scroll labelled ESUINA AN FUIN.
   808 | D:1      | 808 ||| READING scroll labelled KATHRI ZECU.
   809 | D:1      | 809 ||| READING scroll labelled HEUHEA SAMNEK.
   814 | D:1      | 814 ||| DROPPING scroll of butterflies.
   935 | D:2      | Reached skill level 7 in Ranged Weapons
  1084 | D:2      | HP: 1/20 [frozen (5)]
  1084 | D:2      | Slain by an endoplasm

Levels and vault maps discovered:
D:1:      erik_arrival_blinker_ship, layout_basic, minmay_misc_feat_plants
D:2:      layout_basic

Skill      XL: |  1  2  3 |
---------------+----------+-----
Ranged Weapons | 6 7 |  7.2
Fighting       | |  1.5
Dodging        | |  2.4
Stealth        | |  1.2

Action                     || total
---------------------------++-------
   Fire: Shortbow          ||   105
    Use: Scroll            ||     3
 Armour: Leather armour    ||     4
         Ring mail         ||    10
  Dodge: Dodged            ||    21

Table legend:
 A = Non-vault XP
 B = Vault XP
 C = Vault XP percentage of total XP
 D = Non-vault monster count
 E = Vault monster count
 F = Vault count percentage of total count
                 A         B        C        D         E       F
            +---------+---------+-------+---------+---------+-------
      Total |      96 |       0 |   0.0 |      44 |       0 |   0.0
            +---------+---------+-------+---------+---------+-------
        D:1 |      50 |       0 |   0.0 |      28 |       0 |   0.0
        D:2 |      46 |       0 |   0.0 |      16 |       0 |   0.0
            +---------+---------+-------+---------+---------+-------
